 Dungeon Crawl Stone Soup version 0.21.1-1-g345015fe64 (webtiles) character file.

84 BrokenGlass the Digger (level 4, -4/27 HPs)
             Began as an Octopode Earth Elementalist on Mar 8, 2018.
             Killed from afar by a dart slug (7 damage)
             ... with a slug dart
             ... on level 2 of the Dungeon.
             The game lasted 00:02:31 (1555 turns).

BrokenGlass the Digger (OpEE)                       Turns: 1555, Time: 00:02:32

Health: -4/27      AC:  1    Str:  7    XL:     4   Next: 46%
Magic:  0/8        EV: 13    Int: 18    God:
Gold:   68         SH:  0    Dex: 12    Spells: 3/9 levels left

rFire    . . .     SeeInvis .   (no weapon)
rCold    . . .     Gourm    .   (no shield)
rNeg     . . .     Faith    .   (helmet restricted)
rPois    .         Spirit   .   (no amulet)
rElec    .         Reflect  .   (no ring)
rCorr    .         Harm     .   (no ring)
MR       .....                  (no ring)
Stlth    +++.......             (no ring)
HPRegen  0.09/turn              (no ring)
MPRegen  0.11/turn              (no ring)
                                (no ring)
                                (no ring)

@: very slightly contaminated
A: almost no armour, stealthy swim, amphibious, 8 rings, constrict 8, camouflage
1, gelatinous body 1
a: no special abilities


You were on level 2 of the Dungeon.
You were not hungry.

You visited 1 branch of the dungeon, and saw 2 of its levels.

You collected 68 gold pieces.

Inventory:

Missiles
 b - 30 stones (quivered)
Scrolls
 a - a scroll of fog
 f - a scroll of remove curse
 h - a scroll of enchant weapon {unknown}
 j - a scroll of teleportation {unknown}
 k - a scroll of random uselessness {unknown}
Potions
 e - 2 potions of cancellation
 g - a potion of brilliance
 l - a potion of curing
 m - a potion of agility
 n - a potion of degeneration {unknown}
Books
 d - a book of Geomancy

   Spells                             Type                      Level
   a - Sandblast                      Earth                        1
   b - Passwall                       Transmutation/Earth          2
   c - Stone Arrow                    Conjuration/Earth            3
   d - Petrify                        Transmutation/Earth          4
   e - Lee's Rapid Deconstruction     Earth                        5
Comestibles
 c - 3 rations
 i - 2 chunks of flesh


   Skills:
 - Level 2.0 Dodging
 - Level 2.6 Stealth
 + Level 3.3 Spellcasting
 - Level 1.0 Transmutations
 + Level 4.1 Earth Magic


You had 3 spell levels left.
You knew the following spells:

 Your Spells              Type           Power        Failure   Level  Hunger
a - Sandblast             Erth           ###...       2%          1    None
b - Passwall              Tmut/Erth      ##........   9%          2    ##.....
c - Stone Arrow           Conj/Erth      ##....       21%         3    ###....


Dungeon Overview and Level Annotations

Branches:
Dungeon (2/15)

Altars:
Uskayaw


Innate Abilities, Weirdness & Mutations

You cannot wear most types of armour.
You are very stealthy in the water. (Stealth+)
You are amphibious.
You can wear up to eight rings at the same time.
You can use your tentacles to constrict eight enemies at once.
Your skin changes colour to match your surroundings (Stealth+).
Your rubbery body absorbs attacks. (AC +1, EV +1)


Message History

Unknown command.
You tentacle-slap the worm.
You kill the worm!
The adder bites you.
* * * LOW HITPOINT WARNING * * *
Unknown command.
You tentacle-slap the adder but do no damage.
You grab the adder.
The adder is moderately wounded.
You constrict the adder. The adder bites you.
* * * LOW HITPOINT WARNING * * *
The adder barely misses you.
Unknown command.
You tentacle-slap the adder.
The adder is heavily wounded.
You constrict the adder. The adder bites you.
* * * LOW HITPOINT WARNING * * *
The dart slug launches a dart at you. The slug dart hits you!
You die...

.#. ... .. #.# # ..#.#
.). ####.#.#...
#.w.....b# ###
#@##.###.# #. #..
##S##.# #.
#.####...#.# #
#.###.#....#......
..##............##.##
...........###.....##
###..8..÷_...8....
#.....÷.).....##
#.#####..8.......8...#


You could see an adder, a dart slug and a bat.

Vanquished Creatures
  A centaur skeleton (D:2)
  An adder (D:2)
  2 worms (D:2)
  A ball python (D:1)
  8 bats (D:1)
  2 giant cockroaches
  6 goblins
  4 hobgoblins
  7 jackals (D:1)
  2 kobolds (D:1)
  A quokka (D:2)
  2 frilled lizards (D:1)
  2 rats
39 creatures vanquished.

Notes
Turn   | Place    | Note
-------+----------+-------------------------------------------
     0 | D:1      | BrokenGlass the Octopode Earth Elementalist began the quest for the Orb.
     0 | D:1      | Reached XP level 1. HP: 11/11 MP: 3/3
    80 | D:1      | Reached XP level 2. HP: 6/17 MP: 0/5
   632 | D:1      | Reached XP level 3. HP: 1/21 MP: 1/6
  1160 | D:2      | Found a hide-covered altar of Uskayaw.
  1498 | D:2      | Reached skill level 4 in Earth Magic
  1498 | D:2      | Reached XP level 4. HP: 19/27 MP: 4/8
  1502 | D:2      | Learned a level 2 spell: Passwall
  1506 | D:2      | Learned a level 3 spell: Stone Arrow
  1555 | D:2      | Killed from afar by a dart slug

Skill      XL: |  1  2  3 |
---------------+----------+-----
Spellcasting   | 3 |  3.3
Earth Magic    | 4 |  4.1
Dodging        | |  2.0
Stealth        | |  2.6
Transmutations | |  1.0

Action                   |  1- 3 |  4- 6 || total
-------------------------+-------+-------++-------
Melee: Unarmed           |    80 |    11 ||    91
       Constrict         |    23 |     3 ||    26
       Tentacles         |    11 |     2 ||    13
 Cast: Sandblast         |    21 |     4 ||    25
       Stone Arrow       |       |     1 ||     1
  Use: Scroll            |     6 |       ||     6
 Stab: Sleeping          |     6 |       ||     6
  Eat: Chunk             |     1 |     1 ||     2
Armor: Skin              |    14 |       ||    14
Dodge: Dodged            |    96 |     4 ||   100
